 Dungeon Crawl Stone Soup version 0.28.0-1-gb440e238dd (webtiles) character file.

Game seed: 10954128148253222395

1311 zeram the Cleaver (level 8, -3/70 HPs)
             Began as a Hill Orc Fighter on Feb 26, 2022.
             Was an Initiate of Yredelemnul.
             Slain by Prince Ribbit (7 damage)
             ... on level 6 of the Dungeon.
             The game lasted 00:08:49 (7239 turns).

zeram the Cleaver (Hill Orc Fighter)                Turns: 7239, Time: 00:08:50

Health: -3/70      AC:  7    Str: 21    XL:     8   Next: 58%
Magic:  8/8        EV: 10    Int:  8    God:    Yredelemnul [......]
Gold:   280        SH:  5    Dex: 10    Spells: 7/7 levels left

rFire   + . .      SeeInvis .   i - +4 long sword "Sopifute" {speed, rN+}
rCold   . . .      Faith    .   c - +1 buckler
rNeg    + . .      Spirit   .   b - +0 scale mail
rPois   .          Reflect  .   (no helmet)
rElec   .          Harm     .   (no cloak)
rCorr   .          Rampage  .   (no gloves)
Will    .....                   (no boots)
Stlth   ..........              (no amulet)
HPRegen 0.21/turn               m - ring of protection from fire
MPRegen 0.11/turn               (no ring)

@: no status effects
A: no striking features
a: Renounce Religion, Recall Undead Harvest


You were on level 6 of the Dungeon.
You worshipped Yredelemnul.
Yredelemnul was noncommittal.
You visited 2 branches of the dungeon, and saw 7 of its levels.

You collected 280 gold pieces.

Inventory:

Hand Weapons
 a - a +0 war axe
 e - a +0 eveningstar
 i - the +4 long sword "Sopifute" (weapon) {speed, rN+}
   (You found it on level 6 of the Dungeon)

   Attacks with this weapon are significantly faster.
   rN:        It protects you from negative energy.
 j - a +1 broad axe
 n - a +0 battleaxe
Missiles
 g - 6 poisoned darts (quivered)
Armour
 b - a +0 scale mail (worn)
 c - a +1 buckler (worn)
Jewellery
 m - a ring of protection from fire (left hand)
 p - an amulet of faith
Wands
 d - a wand of polymorph (6)
Scrolls
 h - 3 scrolls of amnesia
 s - a scroll of teleportation
Potions
 l - 2 potions of attraction
 o - a potion of brilliance


   Skills:
 + Level 5.8 Fighting
 - Level 9.0 Axes
 + Level 6.6 Armour
 + Level 1.8 Dodging
 + Level 4.8 Shields


You had 7 spell levels left.
You didn't know any spells.
Your spell library contained the following spells:

 Spells                   Type           Power      Damage    Failure   Level
 Hailstorm                Conj/Ice       0%         3d3       100%        4
 Ice Form                 Ice/Tmut       0%         N/A       100%        4
 Simulacrum               Ice/Necr       0%         N/A       100%        6


Dungeon Overview and Level Annotations

Branches:
Dungeon (6/15)             Temple (1/1) D:6

Altars:
Ashenzari
Cheibriados
Dithmenos
Elyvilon
Fedhas
Gozag
Hepliaklqana
Kikubaaqudgha
Makhleb
Nemelex Xobeh
Okawaru
Qazlal
Ru
Sif Muna
Trog
Uskayaw
Vehumet
Wu Jian
Xom
Yredelemnul
Zin
The Shining One

Annotations:
D:6 Prince Ribbit


Message History

Prince Ribbit is moderately wounded.
Prince Ribbit hits you!
You hit Prince Ribbit.
Prince Ribbit is moderately wounded.
Prince Ribbit blinks! x2
Unknown command.
Prince Ribbit hits you! x2
* * * LOW HITPOINT WARNING * * *
You closely miss Prince Ribbit.
Prince Ribbit is moderately wounded.
Prince Ribbit croaks regally.
Prince Ribbit hits you!
* * * LOW HITPOINT WARNING * * *
You feel better.
Prince Ribbit blinks!
Prince Ribbit blinks!
You feel better.
Prince Ribbit blinks!
Okay, then.
Prince Ribbit blinks!
Prince Ribbit blinks!
Prince Ribbit hits you!
* * * LOW HITPOINT WARNING * * *
You hit Prince Ribbit.
Prince Ribbit is heavily wounded.
You block Prince Ribbit's attack.
You slash Prince Ribbit!
Prince Ribbit is severely wounded.
You block Prince Ribbit's attack.
Prince Ribbit hits you but does no damage.
You closely miss Prince Ribbit.
Prince Ribbit is severely wounded.
Prince Ribbit closely misses you.
You barely miss Prince Ribbit.
Prince Ribbit is severely wounded.
Prince Ribbit misses you. Prince Ribbit hits you.
* * * LOW HITPOINT WARNING * * *
You barely miss Prince Ribbit.
Prince Ribbit is severely wounded.
Prince Ribbit hits you!
You die...
Your body rises from the dead as a mindless zombie.

.(.####.#........#.#.. .. #
#######.#.#..#.#.#.#.#####.#
..>.........................
###.#.#..#.#..#.#.#.#.#.#####
###.#......#.#..#.#.#.#.#.# #
...#..#.#.#.#..#.#.#.#.#.# #
#####..........#..#.#[..#.#.#####
#.......#.8.#....................
#.....#.......#F@.........#.#####
#...#...8.>.8..[#..######...#
#.....#.......#....# #.###
...(....#.8.#...##.######.#
.....#........####........# ....
###.#.#.## ########## ...
#.......# .. #...#...# .
#.......#


You could see Prince Ribbit.

Vanquished Creatures
  Sigmund (D:3)
  2 sky beasts (D:5)
  An ogre (D:5)
  Blork the orc (D:6)
  2 bullfrogs (D:6)
  A scorpion (D:4)
  A water moccasin skeleton (D:5)
  3 vampire bats (D:5)
  2 orc priests
  2 jellies (D:4)
  A centaur skeleton (D:4)
  Terence (D:2)
  An orc wizard (D:5)
  A howler monkey skeleton (D:5)
  6 gnolls
  12 adders
  2 ufetubi
  A worm (D:4)
  2 dart slugs
  11 orcs
  9 endoplasms
  2 giant cockroaches (D:2)
  8 goblins
  3 hobgoblins
  4 jackals (D:5)
  3 quokkas
  4 ball pythons
  8 bats
  9 kobolds
  5 rats
109 creatures vanquished.

Notes
Turn   | Place    | Note
-------+----------+-------------------------------------------
     0 | D:1      | zeram the Hill Orc Fighter began the quest for the Orb.
     0 | D:1      | Reached XP level 1. HP: 19/19 MP: 1/1
   197 | D:1      | Reached XP level 2. HP: 27/27 MP: 2/2
   399 | D:1      | Reached skill level 3 in Axes
   764 | D:2      | Noticed Terence
   792 | D:2      | Killed Terence
   793 | D:2      | Reached XP level 3. HP: 10/33 MP: 3/3
  1211 | D:2      | Reached XP level 4. HP: 28/40 MP: 4/4
  1710 | D:3      | Reached skill level 4 in Axes
  1868 | D:3      | Reached XP level 5. HP: 32/46 MP: 5/5
  2113 | D:3      | Noticed Sigmund
  2123 | D:3      | Killed Sigmund
  2124 | D:3      | Reached skill level 5 in Axes
  2124 | D:3      | Reached skill level 5 in Armour
  2124 | D:3      | Reached XP level 6. HP: 53/53 MP: 6/6
  2763 | D:3      | Found a faded altar of an unknown god.
  2956 | D:4      | Reached skill level 6 in Axes
  3282 | D:4      | Reached XP level 7. HP: 19/60 MP: 7/7
  3290 | D:4      | Reached skill level 1 in Dodging
  3715 | D:4      | Reached skill level 7 in Axes
  4433 | D:5      | Entered Level 5 of the Dungeon
  4728 | D:5      | Found a glowing silver altar of Zin.
  4739 | D:5      | Reached skill level 5 in Fighting
  4819 | D:5      | Reached XP level 8. HP: 65/68 MP: 8/8
  4877 | D:5      | Reached skill level 8 in Axes
  6174 | D:6      | Noticed Prince Ribbit
  6660 | D:6      | Found a staircase to the Ecumenical Temple.
  6670 | D:6      | Noticed Blork the orc
  6685 | D:6      | Killed Blork the orc
  6686 | D:6      | Reached skill level 9 in Axes
  6697 | D:6      | Identified the +4 long sword "Sopifute" {speed, rN+}
  6705 | Temple   | Entered the Ecumenical Temple
  7157 | Temple   | Became a worshipper of Yredelemnul the Dark
  7239 | D:6      | Slain by Prince Ribbit

Illustrated notes

Levels and vault maps discovered:
D:1:      saegor_arrival_simple_c, layout_rooms, serial_glass, glass_columns_b,
          glass_columns_a, glass_columns_c, due_unseen_surprise,
          item_on_display_a, minmay_strange_pillars
D:2:      layout_loops_cross, dk_noncrumbling_3, uniq_terence
D:3:      layout_basic, nicolae_ecumenical_lake_church, minmay_checkerbox,
          uniq_sigmund
D:4:      layout_basic
D:5:      layout_basic, nicolae_overflow_hidden_temple, roderic_batcave,
          grunt_ministairs_15
D:6:      layout_basic, minmay_temple_entry_sparse_star, uniq_prince_ribbit1,
          uniq_blork_the_orc
Temple:   mainiacjoe_temple_trianglar_array

Skill      XL: |  1  2  3  4  5  6  7  8 |
---------------+-------------------------+-----
Axes           | 3 4 5 6 7 9 |  9.0
Armour         | 4 5 6 |  6.6
Fighting       | 4 5 |  5.8
Shields        | 4 |  4.8
Dodging        | 1 |  1.8

Action                   |  1- 3 |  4- 6 |  7- 9 || total
-------------------------+-------+-------+-------++-------
Melee: War axe           |   106 |     6 |       ||   112
       Broad axe         |       |   110 |   174 ||   284
       Long sword        |       |       |    11 ||    11
  Use: Scroll            |     1 |     6 |     7 ||    14
       Potion            |       |     3 |     6 ||     9
 Stab: Invisible         |       |     1 |       ||     1
Armor: Scale mail        |    72 |    47 |    89 ||   208
       Skin              |       |     2 |       ||     2
Dodge: Dodged            |    40 |    63 |    87 ||   190
Block: Buckler           |    21 |    38 |    56 ||   115
